AoeStats
← Perdoname por ser Noob

African Clearing

510480641Analyzed
4v4 RM · 7h ago on Oct 1, 2026· 44m 57s· 8 players
Game mode
Random Map
Map size
Large (8 player)
Population
200
Speed
Normal
Resources
Standard
Victory
Conquest
Starting age
Dark Age
Ending age
Imperial Age
RankedLock teamsTeams togetherTeam positionsShared explorationLock speedFull tech treeHidden civsTurbo modeCheats
Victory
Defeat
🇫🇷 Huns · France
1232
+13
🇨🇳 Spanish · China
1230
+13
🇲🇽 Saxons · Mexico
1216
+14
🇻🇳 Varangians · Vietnam
1202
+14
🇨🇳 Inca · China
1303
-19
🇨🇳 Koreans · China
1126
-12
🇦🇺 Franks · Australia
1118
-12
🇨🇳 Varangians · China
1109
-11
Perdoname por ser Noob
3:41 Loom
10:46 Loom
12:32 Feudal Age
17:28 Castle Age
15:16 Double-Bit Axe
15:11 Horse Collar
15:46 Gold Mining
20:21 Bow Saw
29:21 Fishing Lines
34:17 Imperial Age
32:30 Wheelbarrow
31:58 Heavy Plow
31:59 Fletching
32:09 Padded Archer Armor
32:16 Padded Archer Armor
32:39 Ballistics
32:29 Forging
32:20 Scale Mail Armor
33:15 Bodkin Arrow
34:07 Leather Archer Armor
33:31 Elite Skirmisher
35:01 Thumb Ring
35:52 Bracer
36:57 Chemistry
37:16 Ring Archer Armor
36:43 Murder Holes
36:58 Masonry
36:29 Treadmill Crane
41:08 Iron Casting
40:48 Chain Mail Armor
40:35 Squires
40:20 Arson
41:56 Gambesons
43:12 Crop Rotation
43:18 Gold Shaft Mining
43:10 Conscription
42:59 Shield Wall
43:09 Shield Wall
44:38 Plate Mail Armor
44:12 Stone Mining
你顶住我发展
3:45 Loom
14:38 Feudal Age
15:54 Wheelbarrow
17:23 Double-Bit Axe
20:09 Castle Age
17:53 Fishing Lines
19:03 Stone Mining
19:39 Town Watch
21:00 Bow Saw
23:23 Fervor
23:34 Sanctity
24:37 Hand Cart
25:34 Husbandry
31:06 Bloodlines
36:52 Imperial Age
34:53 Horse Collar
35:20 Gold Mining
36:06 Stone Shaft Mining
37:57 Conscription
37:45 Padded Archer Armor
38:52 Two-Man Saw
38:40 Heavy Plow
39:51 Elite Conquistador
42:00 Hoardings
41:31 Fletching
41:59 Leather Archer Armor
42:44 Ballistics
43:25 Chemistry
42:39 Fortified Wall
44:31 Supremacy
44:29 Murder Holes
44:45 Masonry
Shane-Saw FR
13:56 Feudal Age
12:14 Loom
14:49 Town Watch
16:11 Forging
24:21 Castle Age
22:26 Gold Mining
22:25 Double-Bit Axe
22:57 Scale Barding Armor
25:30 Man-at-Arms
36:46 Gold Shaft Mining
36:54 Wheelbarrow
41:00 Ballistics
datdzvcl
4:43 Loom
13:06 Feudal Age
13:50 Double-Bit Axe
15:13 Bloodlines
22:37 Castle Age
21:38 Horse Collar
23:48 Bow Saw
24:34 Husbandry
31:26 Heavy Plow
36:10 Wheelbarrow
39:42 Imperial Age
37:50 Forging
38:11 Gold Mining
38:46 Stone Mining
40:35 Iron Casting
42:19 Blast Furnace
41:38 Elite Jarl
42:24 Elite Jarl
43:25 Scale Barding Armor
45:00 Hand Cart
45:23 Conscription
我的哈哈哈
13:19 Feudal Age
14:11 Double-Bit Axe
17:11 Bloodlines
16:48 Horse Collar
22:39 Castle Age
21:04 Forging
21:15 Gold Mining
22:27 Scale Barding Armor
23:42 Loom
30:21 Wheelbarrow
33:51 Town Watch
37:43 Imperial Age
36:18 Heavy Plow
36:20 Stone Mining
37:35 Bow Saw
37:37 Squires
37:25 Gambesons
37:46 Fletching
37:58 Scale Mail Armor
38:35 Iron Casting
38:00 Arson
39:00 Stone Shaft Mining
39:52 Hand Cart
40:16 Chain Barding Armor
40:13 Chain Mail Armor
40:59 Blast Furnace
41:09 Blast Furnace
39:40 Elite Varangian Guard
40:32 Siege Engineers
40:34 Gothikon
40:40 Gothikon
43:05 Two-Man Saw
43:15 Town Patrol
43:59 Plate Mail Armor
43:57 Conscription
44:35 Fletching
45:12 Bodkin Arrow
BrazilianBad
5:27 Loom
15:39 Feudal Age
22:35 Castle Age
21:38 Forging
21:21 Double-Bit Axe
22:57 Scale Barding Armor
24:55 Squires
24:37 Pikeman
30:42 Wheelbarrow
31:40 Fletching
32:28 Treadmill Crane
33:58 Ballistics
36:13 Gold Mining
43:35 Elite Skirmisher
6691205
15:40 Feudal Age
17:00 Loom
17:26 Double-Bit Axe
20:40 Castle Age
19:47 Horse Collar
20:27 Town Watch
21:18 Wheelbarrow
20:44 Elite Skirmisher
21:12 Elite Skirmisher
22:03 Thumb Ring
22:37 Bow Saw
23:05 Fletching
25:55 Bodkin Arrow
28:48 Heavy Plow
29:58 Stone Mining
31:29 Ballistics
30:50 Treadmill Crane
31:41 Hand Cart
32:30 Squires
33:44 Gold Mining
34:37 Scale Mail Armor
37:03 Masonry
37:34 Stone Shaft Mining
40:37 Imperial Age
39:58 Gold Shaft Mining
Respected Mr.Lang
5:36 Loom
14:57 Feudal Age
19:06 Castle Age
18:36 Double-Bit Axe
37:06 Scale Mail Armor
37:57 Forging
40:29 Fletching
40:40 Padded Archer Armor
40:32 Crossbowman
42:47 Wheelbarrow
42:47 Thumb Ring
43:22 Bodkin Arrow
Connection lost

Rejoining the realm…

Still unreachable

The connection could not be restored.

Session expired

The server has moved on; the page needs a fresh start.